 Dungeon Crawl Stone Soup version 0.23.1-37-gaa34b87 (webtiles) character file.

Game seed: 1091782752457707866

953 Fang the Skirmisher (level 8, -5/76 HPs)
             Began as a Gargoyle Berserker on Mar 25, 2019.
             Was an Elder of Trog.
             Splashed by a jelly's acid (6 damage)
             ... on level 6 of the Dungeon.
             The game lasted 00:04:12 (4643 turns).

Fang the Skirmisher (Gargoyle Berserker)            Turns: 4643, Time: 00:04:13

Health: -5/76      AC:  0    Str: 28    XL:     8   Next: 14%
Magic:  0/8        EV: 10    Int:  8    God:    Trog [****..]
Gold:   335        SH:  0    Dex:  9    Spells: 7/7 levels left

rFire    . . .     SeeInvis .   a - +0 hand axe
rCold    + . .     Gourm    .   (no shield)
rNeg     + . .     Faith    .   m - +0 chain mail
rPois    ∞         Spirit   +   (no helmet)
rElec    +         Reflect  .   q - scarf {Spirit}
rCorr    .         Harm     .   (no gloves)
MR       .....                  (no boots)
Stlth    ..........             (no amulet)
HPRegen  0.22/turn              d - ring of protection from cold
MPRegen  0.11/turn              (no ring)

@: berserking, corroded, very quick
A: negative energy resistance 1, electricity resistance, unbreathing,
petrification resistance, rot immunity, AC +5
a: Berserk, Trog's Hand, Brothers in Arms, Renounce Religion


You were on level 6 of the Dungeon.
You worshipped Trog.
Trog was greatly pleased with you.
You were hungry.

You visited 1 branch of the dungeon, and saw 6 of its levels.

You collected 335 gold pieces.

Inventory:

Hand Weapons
 a - a +0 hand axe (weapon)
Armour
 m - a +0 chain mail (worn)
 q - a scarf of spirit shield (worn)
Jewellery
 d - a ring of protection from cold (left hand)
Scrolls
 e - 3 scrolls of remove curse {unknown}
 f - a scroll of blinking {unknown}
 i - 3 scrolls of magic mapping {unknown}
 j - a scroll of amnesia {unknown}
 k - 6 scrolls of teleportation {unknown}
 l - 4 scrolls of immolation {unknown}
 r - 3 scrolls of enchant armour {unknown}
 s - a scroll of identify {unknown}
 w - a scroll of fear {unknown}
Potions
 b - a potion of ambrosia {unknown}
 g - a potion of invisibility {unknown}
 h - 2 potions of haste {unknown}
 n - 5 potions of curing
 o - a potion of brilliance {unknown}
 p - a potion of heal wounds {unknown}
 t - 2 potions of might {unknown}
 u - a potion of agility {unknown}
 v - a potion of flight {unknown}
 z - 2 potions of degeneration {unknown}
 A - a potion of mutation {unknown}
Comestibles
 c - 4 rations


   Skills:
 + Level 5.9 Fighting
 + Level 4.9 Axes
 + Level 5.4 Armour
 + Level 4.0 Dodging


You had 7 spell levels left.
You didn't know any spells.
Your spell library was empty.

Dungeon Overview and Level Annotations

Branches:
Dungeon (6/15)             Temple (0/1) D:6

Altars:
Dithmenos
Elyvilon
Fedhas
Makhleb
Nemelex Xobeh
Sif Muna
Yredelemnul
Zin

Shops:
D:4 =


Innate Abilities, Weirdness & Mutations

You are resistant to torment.
Your stone body is resilient. (AC +5)
You are immune to poison.
You resist negative energy. (rN+)
You are resistant to electric shocks. (rElec)
You can survive without breathing.
You are immune to petrification.
You are immune to rotting.


Message History

* * * LOW HITPOINT WARNING * * *
You hit the jelly but do no damage.
Your hands burn!
* * * LOW HITPOINT WARNING * * *
The jelly is severely wounded.
The jelly barely misses you.
The crimson imp blinks!
A red film seems to cover your vision as you go berserk!
You feel yourself moving faster!
You feel mighty!
You are feeling hungry.
The jelly hits you.
* * * LOW HITPOINT WARNING * * *
You are splashed with acid!
* * * LOW HITPOINT WARNING * * *
The crimson imp barely misses you.
You hit the jelly but do no damage.
Your hands burn!
* * * LOW HITPOINT WARNING * * *
The jelly is severely wounded.
You miss the crimson imp. The jelly hits you.
* * * LOW HITPOINT WARNING * * *
You are splashed with acid!
You die...

.# .# .#####.#
#######+#.......#
#####.?......##.....##..
.......J./...##.....##..
.......@.....##.....##..
......5####.###.....##..
....... #.###.....##..
....§.. #...'.....##..
....... #####.....##..
....... ###...(..[
....... #..(.... .......
######(.(....
#............


You could see a jelly and a crimson imp.

Vanquished Creatures
  A water moccasin (D:5)
  An ogre (D:4)
  A centaur (D:6)
  A gnoll sergeant (D:6)
  A scorpion (D:4)
  2 howler monkeys
  2 crimson imps
  A bullfrog zombie (D:5)
  A jelly (D:5)
  A bullfrog skeleton (D:5)
  4 worker ants
  An iguana (D:4)
  4 gnolls (D:6)
  9 adders
  A shadow imp (D:6)
  A worm (D:3)
  3 leopard geckos
  5 orcs
  4 giant cockroaches
  7 goblins
  12 hobgoblins
  8 jackals
  2 quokkas (D:2)
  9 bats
  8 frilled lizards
  8 kobolds
  2 leopard gecko zombies
  10 rats
110 creatures vanquished.

Notes
Turn   | Place    | Note
-------+----------+-------------------------------------------
     0 | D:1      | Fang the Gargoyle Berserker began the quest for the Orb.
     0 | D:1      | Reached XP level 1. HP: 14/14 MP: 1/1
   153 | D:1      | Reached XP level 2. HP: 5/19 MP: 2/2
   597 | D:1      | Reached XP level 3. HP: 10/23 MP: 3/3
   873 | D:1      | Reached ** piety under Trog
  1641 | D:2      | Reached XP level 4. HP: 22/29 MP: 4/4
  2150 | D:3      | Reached *** piety under Trog
  2311 | D:3      | Reached XP level 5. HP: 28/33 MP: 5/5
  2626 | D:4      | Noticed an ogre
  2640 | D:4      | Killed an ogre
  2640 | D:4      | Reached XP level 6. HP: 20/39 MP: 2/6
  2944 | D:4      | Found Ohueptih's Jewellery Emporium.
  3313 | D:5      | Entered Level 5 of the Dungeon
  3344 | D:5      | Found a deep blue altar of Sif Muna.
  3347 | D:5      | Found a basalt altar of Yredelemnul.
  3347 | D:5      | Found a shadowy altar of Dithmenos.
  3351 | D:5      | Found a sparkling altar of Nemelex Xobeh.
  3351 | D:5      | Found a blossoming altar of Fedhas.
  3456 | D:5      | Reached skill level 5 in Fighting
  3456 | D:5      | Reached XP level 7. HP: 37/44 MP: 5/7
  3834 | D:5      | Found a burning altar of Makhleb.
  3834 | D:5      | Found a glowing silver altar of Zin.
  3835 | D:5      | Noticed an angel
  3835 | D:5      | Noticed a green death
  4366 | D:6      | Reached skill level 5 in Armour
  4422 | D:6      | Reached XP level 8. HP: 42/51 MP: 6/8
  4503 | D:6      | Found a staircase to the Ecumenical Temple.
  4538 | D:6      | Found a white marble altar of Elyvilon.
  4576 | D:6      | Reached **** piety under Trog
  4643 | D:6      | HP: 2/76 [acid (4)]
  4643 | D:6      | Splashed by a jelly's acid

Skill      XL: |  1  2  3  4  5  6  7  8 |
---------------+-------------------------+-----
Axes           | 3 4 |  4.9
Dodging        | 2 3 4 |  4.0
Armour         | 3 4 5 |  5.4
Fighting       | 4 5 |  5.9

Action                   |  1- 3 |  4- 6 |  7- 9 || total
-------------------------+-------+-------+-------++-------
Melee: Hand axe          |   139 |   223 |   198 ||   560
Invok: Berserk           |     1 |     1 |     3 ||     5
       Trog's Hand       |       |     1 |       ||     1
  Eat: Chunk             |     4 |     7 |     3 ||    14
       Ration            |       |       |     1 ||     1
Armor: Animal skin       |    73 |       |       ||    73
       Chain mail        |       |   168 |   134 ||   302
Dodge: Dodged            |   109 |   136 |   107 ||   352
